 Dungeon Crawl Stone Soup version 0.27-a0-1287-gca74d27db6 (webtiles) character file.

Game seed: 8111574462824082609

203 Azzok the Chopper (level 5, 25/61 HPs)
             Began as a Demonspawn Berserker on June 15, 2021.
             Was a Believer of Trog.
             Quit the game on level 2 of the Dungeon.
             The game lasted 00:01:30 (1840 turns).

Azzok the Chopper (Demonspawn Berserker)            Turns: 1840, Time: 00:01:31

Health: 25/61      AC:  3    Str: 18    XL:     5   Next: 51%
Magic:  5/5        EV: 13    Int:  9    God:    Trog [**....]
Gold:   45         SH:  0    Dex: 12    Spells: 4/4 levels left

rFire    + . .     SeeInvis .   a - +0 hand axe
rCold    . . .     Faith    .   (no shield)
rNeg     + . .     Spirit   .   g - +0 leather armour
rPois    .         Reflect  .   (helmet restricted)
rElec    .         Harm     .   (no cloak)
rCorr    .         Rampage  .   (no gloves)
Will     .....                  (no boots)
Stlth    ..........             (no amulet)
HPRegen  0.20/turn              e - ring of positive energy
MPRegen  0.09/turn              h - ring of protection from fire

@: berserking (expiring), very quick
A: horns 2, repulsion field 1, foul stench 1
a: Renounce Religion, Berserk, Trog's Hand


You were on level 2 of the Dungeon.
You worshipped Trog.
Trog was pleased with you.
You visited 1 branch of the dungeon, and saw 2 of its levels.

You collected 45 gold pieces.

Inventory:

Hand Weapons
 a - a +0 hand axe (weapon)
Armour
 g - a +0 leather armour (worn)
Jewellery
 e - a ring of positive energy (left hand)
 h - a ring of protection from fire (right hand)
Scrolls
 d - 2 scrolls of identify {unknown}
Potions
 b - a potion of might {unknown}
 c - a potion of resistance {unknown}
 f - a potion of cancellation {unknown}


   Skills:
 - Level 3.0 Fighting
 + Level 5.7 Axes
 - Level 1.7 Armour
 - Level 1.7 Dodging


You had 4 spell levels left.
You didn't know any spells.
Your spell library was empty.

Dungeon Overview and Level Annotations

Branches:
Dungeon (2/15)

Altars:

Shops:
D:1 *


Innate Abilities, Weirdness & Mutations

You have a pair of horns on your head.
You are surrounded by a mild repulsion field. (EV +2)
You may rarely emit foul miasma when damaged in melee.


Message History

Trog accepts your kill.
You see here a ball python corpse.
You see here a ball python corpse.
Sigmund the Dreaded comes into view.
He is wielding a +0 scythe.
Sigmund is nearby!
Sigmund shouts!
Sigmund hits you from afar with a +0 scythe!
A ball python comes into view.
Sigmund screams, "Only death can liberate you!"
Sigmund closely misses you.
A red film seems to cover your vision as you go berserk!
You feel yourself moving faster!
You feel mighty! Sigmund closely misses you.
You closely miss Sigmund. You barely miss Sigmund.
Sigmund hits you with a +0 scythe!
You slash Sigmund!
Sigmund is moderately wounded.
Sigmund closely misses you.
You slash Sigmund!
Sigmund is severely wounded.
You hit the ball python. The ball python bites you.
The ball python barely misses you.
Sigmund points at you and mumbles some strange words.
The magic dart hits you.
You barely miss Sigmund.
Sigmund is severely wounded.
You slash the ball python!
You kill the ball python!
Trog accepts your kill.
You slash Sigmund!
You kill Sigmund!
Trog accepts your kill.
Trog appreciates your killing of a magic user.
Your Axes skill increases to level 5!
You have reached level 4!
You feel clever.
Your demonic ancestry asserts itself...
You begin to radiate repulsive energy.
You have reached level 5!
Your demonic ancestry asserts itself...
You begin to emit a foul stench of rot and decay.
Are you sure you want to abandon this character and quit the game? (Confirm with "yes".)

······· ▒·····▒ ▒·····▒
▒·····▒▒▒▒▒▒▒▒▒▒▒
▒·····▒▒········▒ ▒·
▒·····▒▒·▒▒▒▒▒▒·▒ ▒·
▒···†)▒▒·▒ ▒·▒ ▒·
▒····@▒▒·▒ ▒·▒ ▒·
·▒·······†▒ ▒†▒ ▒·
▒··········▒▒▒▒▒▒·▒ ▒·
▒▒············†·▒·▒▒▒▒▒·
▒·▒▒▒▒·▒▒▒▒▒▒▒·▒·······
▒ ▒╬▒ ▒·········
▒▒▒▒▒▒▒·▒▒ ▒·▒▒ ▒··▒


There were no monsters in sight!

Vanquished Creatures
  Sigmund (D:2)
  An adder (D:2)
  A dart slug (D:1)
  4 endoplasms (D:1)
  11 giant cockroaches (D:2)
  3 goblins (D:1)
  2 hobgoblins (D:1)
  A kobold (D:1)
  2 quokkas (D:1)
  4 ball pythons
  3 bats (D:1)
  3 frilled lizards
  2 rats
38 creatures vanquished.

Notes
Turn   | Place    | Note
-------+----------+-------------------------------------------
     0 | D:1      | Azzok the Demonspawn Berserker began the quest for the Orb.
     0 | D:1      | Reached XP level 1. HP: 18/18 MP: 1/1
    32 | D:1      | Found a faded altar of an unknown god.
   176 | D:1      | Reached skill level 3 in Axes
   471 | D:1      | Gained mutation: You have a pair of small horns on your
                  | head. [demonic ancestry]
   471 | D:1      | Reached XP level 2. HP: 20/24 MP: 2/2
   814 | D:1      | Found Suimethrimm's General Store.
  1365 | D:2      | Gained mutation: You have a pair of horns on your head.
                  | [demonic ancestry]
  1365 | D:2      | Reached XP level 3. HP: 18/29 MP: 3/3
  1575 | D:2      | Reached skill level 4 in Axes
  1579 | D:2      | Reached ** piety under Trog
  1829 | D:2      | Noticed Sigmund
  1839 | D:2      | Killed Sigmund
  1840 | D:2      | Reached skill level 5 in Axes
  1840 | D:2      | Gained mutation: You are surrounded by a mild repulsion
                  | field. (EV +2) [demonic ancestry]
  1840 | D:2      | Reached XP level 4. HP: 22/35 MP: 4/4
  1840 | D:2      | Gained mutation: You may rarely emit foul miasma when
                  | damaged in melee. [demonic ancestry]
  1840 | D:2      | Reached XP level 5. HP: 25/41 MP: 5/5
  1840 | D:2      | Quit the game

Illustrated notes

Levels and vault maps discovered:
D:1:      erik_arrival_triangle_large, layout_basic, basic_ecumenical_altar,
          serial_shops, shop
D:2:      minmay_roachtagon, layout_basic, basic_altar, uniq_natasha,
          uniq_robin, uniq_sigmund

Skill      XL: |  1  2  3 |
---------------+----------+-----
Axes           | 3 5 |  5.7
Fighting       | |  3.0
Armour         | |  1.7
Dodging        | |  1.7

Action                   |  1- 3 |  4- 6 || total
-------------------------+-------+-------++-------
Melee: Hand axe          |    80 |       ||    80
       Headbutt          |    11 |       ||    11
Invok: Berserk           |     1 |       ||     1
 Stab: Sleeping          |     1 |       ||     1
Armor: Animal skin       |    10 |       ||    10
       Leather armour    |    16 |       ||    16
Dodge: Dodged            |    62 |       ||    62

Table legend: (Time is in decaauts)
 A = Elapsed time spent in this place.
 B = Non-inter-level travel time spent in this place.
 C = Inter-level travel time spent in this place.
 D = Time resting spent in this place.
 E = Time spent auto-exploring this place.
 F = Levels seen in this place.
 G = Mean time per level.
                   A        B        C        D        E       F      G
               +--------+--------+--------+--------+--------+-----+--------+
         Total |   1846 |   1756 |     90 |      4 |   1503 |   2 |  923.0 |
       Dungeon |   1846 |   1756 |     90 |      4 |   1503 |   2 |  923.0 |
               +--------+--------+--------+--------+--------+-----+--------+

Top non-repeatable levels by time:
     D:1: 1360 daAuts
     D:2: 486 daAuts
